AoeStats
← kill.kaNe

Runestones

507995076Analyzed
1v1 RM · 10d ago on Sep 20, 2026· 37m 57s· 2 players
Game mode
Random Map
Map size
Tiny (2 player)
Population
200
Speed
Normal
Resources
Standard
Victory
Conquest
Starting age
Dark Age
Ending age
Imperial Age
RankedLock teamsTeams togetherTeam positionsShared explorationLock speedFull tech treeHidden civsTurbo modeCheats
Victory
Defeat
🇲🇽 Portuguese · Mexico
261
+19
🇪🇸 Dravidians · Spain
319
-19
marcos_daryl1990
9:24 Loom
16:49 Feudal Age
24:01 Castle Age
30:18 Imperial Age
37:44 Arquebus
38:10 Conscription
37:25 Sappers
kill.kaNe
1:59 Loom
13:45 Feudal Age
15:20 Wheelbarrow
14:34 Double-Bit Axe
15:40 Man-at-Arms
16:40 Horse Collar
17:47 Padded Archer Armor
23:35 Castle Age
22:16 Scale Mail Armor
23:22 Gold Mining
24:37 Hand Cart
24:16 Crossbowman
28:25 Leather Archer Armor
33:24 Heavy Plow
33:39 Bow Saw
35:58 Chain Mail Armor
35:34 Fletching
35:54 Forging
35:50 Scale Barding Armor
Connection lost

Rejoining the realm…

Still unreachable

The connection could not be restored.

Session expired

The server has moved on; the page needs a fresh start.